 Dungeon Crawl Stone Soup version 0.30-a0-377-g5cb311bc9f (console) character file.

Game seed: 8501759619516638458

4377 rlgrobin the Thaumaturge (level 10, -5/44 (54) HPs)
             Began as a Deep Elf Chaos Knight on Nov 28, 2022.
             Was a Plaything of Xom.
             Slain by a wight
             ... wielding a +3 great sword
              (17 damage)
             ... on level 8 of the Dungeon.
             The game lasted 00:29:00 (8234 turns).

rlgrobin the Thaumaturge (Deep Elf Chaos Knight)    Turns: 8234, Time: 00:29:01

HP:   -5/44 (54)    AC:  8    Str:  9    XL:     10   Next: 13%
MP:   22/25         EV: 14    Int: 22    God:    Xom [..*...]
Gold: 1320          SH:  0    Dex: 14    Spells: 18/27 levels left

rFire   . . .      SeeInvis +    a - +1 short sword (chaos)
rCold   . . .      Faith    .    (no shield)
rNeg    . . .      Spirit   .    e - +2 robe {Will+}
rPois   .          Reflect  .    (no helmet)
rElec   .          Harm     .    (no cloak)
rCorr   .          Rampage  .    (no gloves)
Will    ++...                    w - +1 pair of boots
Stlth   +++.......               m - amulet of regeneration
HPRegen 1.87/turn                o - ring of wizardry
MPRegen 0.19/turn                r - ring of see invisible

@: heavily drained
A: iridescent scales 1, regeneration 1
a: Renounce Religion


You were on level 8 of the Dungeon.
You worshipped Xom.
You were a toy of Xom.
You visited 2 branches of the dungeon, and saw 9 of its levels.

You collected 1554 gold pieces.
You spent 234 gold pieces at shops.

Inventory:

Hand Weapons
 a - a +1 short sword of chaos (weapon)
 b - a +2 dagger of venom
Missiles
 x - 2 throwing nets
Armour
 e - a +2 robe of willpower (worn)
 q - the +5 scale mail of Parsimonious Salvation {rF+ Dex+2}
   (You found it on level 3 of the Dungeon)

   Dex:       It affects your dexterity (+2).
   rF:        It protects you from fire.
 w - a +1 pair of boots (worn)
Jewellery
 m - an amulet of regeneration (around neck)
 o - a ring of wizardry (left hand)
 p - a ring of protection from fire
 r - a ring of see invisible (right hand)
Scrolls
 f - 2 scrolls of enchant armour
 g - a scroll of magic mapping
 n - a scroll of enchant weapon
 t - 3 scrolls of butterflies
 y - a scroll of amnesia
 z - a scroll of vulnerability
 A - a scroll of blinking
Potions
 d - a potion of cancellation
 h - a potion of flight {unknown}
 i - a potion of berserk rage
 j - a potion of curing
 k - 5 potions of attraction
 l - 3 potions of ambrosia
 s - a potion of haste
 u - 2 potions of magic
 v - a potion of lignification {unknown}
Miscellaneous
 c - a piece from Xom's chessboard (3/15) (quivered)


   Skills:
 - Level 2.4 Fighting
 - Level 5.5 Short Blades
 - Level 0.7 Armour
 - Level 6.0 Dodging
 - Level 6.4 Stealth
 + Level 9.2 Spellcasting
 - Level 1.9 Conjurations
 + Level 7.8 Summonings
 - Level 4.0 Ice Magic
 - Level 3.8 Air Magic
 - Level 3.2 Poison Magic


You had 18 spell levels left.
You knew the following spells:

 Your Spells              Type           Power      Damage    Failure   Level
a - Poisonous Vapours     Pois/Air       50%        N/A       1%          2
b - Mephitic Cloud        Conj/Pois/Air  23%        N/A       2%          3
c - Summon Ice Beast      Ice/Summ       36%        N/A       2%          4

Your spell library contained the following spells:

 Spells                   Type           Power      Damage    Failure   Level
 Kiss of Death            Conj/Necr      56%        2d9       1%          1
 Cigotuvi's Dreadful Rot  Necr/Pois/Air  40%        N/A       1%          2
 Confusing Touch          Hex            10%        N/A       9%          3
 Tukima's Dance           Hex            10%        N/A       9%          3
 Summon Mana Viper        Hex/Summ       27%        N/A       16%         5
 Dispel Undead            Necr           10%        3d9       26%         4
 Passage of Golubria      Tloc           10%        N/A       26%         4
 Yara's Violent Unravell  Hex/Tmut       5%         3d4       56%         5
 Monstrous Menagerie      Summ           22%        N/A       63%         7


Dungeon Overview and Level Annotations

Branches:
Dungeon (8/15)             Temple (1/1) D:5            Lair (0/5) D:8

Altars:
Ashenzari
Dithmenos
Elyvilon
Fedhas
Hepliaklqana
Kikubaaqudgha
Makhleb
Nemelex Xobeh
Okawaru
Qazlal
Ru
Sif Muna
Trog
Uskayaw
Vehumet
Wu Jian
Xom
Yredelemnul
Zin
The Shining One
Lugonu

Shops:
D:7 *

Portals:
Abyss: D:4

Annotations:
D:2 Sigmund
D:4 2 runed translucent doors, Menkaure
D:5 2 transporters


Innate Abilities, Weirdness & Mutations

You are partially covered in iridescent scales. (AC +2)
Your natural rate of healing is unusually fast.


Message History

Your ice beast hits the wight but does no damage.
You hit the wight but do no damage. The wight hits you but does no damage.
You hit the wight.
The wight is heavily damaged.
The wight blinks!
The wight barely misses you.
You swap places.
The wight hits you but does no damage.
You barely miss the wight.
The wight hits you with a +3 great sword.
You closely miss the wight.
Your ice beast hits the wight but does no damage.
You closely miss the wight.
The wight hits you with a +3 great sword.
The wight barely misses your ice beast.
You barely miss the wight.
Your ice beast completely misses the wight.
The wight hits your ice beast but does no damage.
The wight hits you with a +3 great sword.
You hit the wight but do no damage.
Your ice beast hits the wight but does no damage.
The wight closely misses your ice beast.
The wight barely misses you.
You hit the wight but do no damage.
The wight easily resists.
Your ice beast hits the wight but does no damage.
You barely miss the wight.
The wight hits you with a +3 great sword!
You feel drained.
The wight hits your ice beast with a +0 scimitar.
Your ice beast hits the wight but does no damage.
The wight barely misses your ice beast.
You hit the wight but do no damage.
The wight is heavily damaged.
Your ice beast hits the wight.
Your ice beast freezes the wight.
The wight resists.
The wight hits you with a +0 scimitar!
You feel drained.
* * * LOW HITPOINT WARNING * * *
The wight barely misses you.
You hit the wight.
You destroy the wight!
Your ice beast barely misses the wight.
The wight hits you with a +3 great sword!
You die...

###..........###
...## #..............
.... #............#
...# #............#
...# #.........##.#
...# #............#
...
#....†...##..######.#
#####.#####.)..##.<.#
#.# ##Y@.##.### #.#
##z.##.# #.#
#..##.##### ... #.#
#>........#### ...
#.#
##..#.###....#....
#.# ##..........#....
#.# ##.##...#.......
#.## #))##...#.#?...P
#..# #.###...#.......


You could see a wight (ally target) and a friendly ice beast (summoned).

Vanquished Creatures
  4 wyverns (D:8)
  An acid dragon (D:7)
  2 water moccasins
  3 black bears
  2 orc warriors (D:7)
  2 sky beasts
  2 ogres
  A centaur (D:7)
  A wolf (D:8)
  A kobold brigand (D:4)
  A bullfrog (D:6)
  2 necrophages
  5 scorpions
  10 wights
  6 killer bees
  An electric eel (D:7)
  2 howler monkeys
  A lava snake (D:7)
  2 orc priests (D:5)
  2 jellies
  A gnoll bouda (D:8)
  2 hounds
  3 iguanas
  5 orc wizards
  Natasha (D:2)
  2 gnolls (D:8)
  5 adders
  2 white imps
  An ufetubus (D:6)
  5 worms
  4 dart slugs
  21 orcs
  9 endoplasms
  A giant cockroach (D:3)
  18 goblins
  4 hobgoblins
  4 jackals (D:5)
  2 quokkas
  5 ball pythons
  5 bats
  2 frilled lizards
  12 kobolds
  11 rats
176 creatures vanquished.

Vanquished Creatures (collateral kills)
  3 water moccasins (D:8)
  A kobold brigand (D:8)
  A jelly (D:7)
  2 gnolls (D:8)
  An orc (D:8)
  4 kobolds (D:8)
12 creatures vanquished.

Vanquished Creatures (others)
  5 fungi (D:8)
  29 plants
34 creatures vanquished.

Grand Total: 222 creatures vanquished

Notes
Turn   | Place    | Note
-------+----------+-------------------------------------------
     0 | D:1      | rlgrobin the Deep Elf Chaos Knight began the quest for the
                  | Orb.
     0 | D:1      | Reached XP level 1. HP: 13/13 MP: 3/3
    27 | D:1      | Reached skill level 1 in Stealth
    48 | D:1      | XOM: silly message
    77 | D:1      | Reached XP level 2. HP: 18/18 MP: 4/4
   106 | D:1      | XOM: divination: magic mapping
   161 | D:1      | XOM: scenery: summon butterflies
   233 | D:1      | Found a faded altar of an unknown god.
   355 | D:1      | XOM: divination: detect items
   506 | D:1      | XOM: give mutations
   506 | D:1      | Gained mutation: Your natural rate of healing is unusually
                  | fast. [Xom's grace]
   506 | D:1      | Gained mutation: You are partially covered in iridescent
                  | scales. (AC +2) [Xom's grace]
   526 | D:1      | Reached XP level 3. HP: 22/22 MP: 5/5
   651 | D:2      | Noticed Natasha
   653 | D:2      | Killed Natasha
   731 | D:2      | XOM: torment (12/22 hp)
   838 | D:2      | You fall into a shaft and drop 1 floor!
   857 | D:3      | Found a blossoming altar of Fedhas.
   873 | D:3      | XOM: god gift: 1203 gold pieces
   909 | D:3      | Reached XP level 4. HP: 27/27 MP: 6/6
   969 | D:3      | Learned a level 2 spell: Poisonous Vapours
  1025 | D:2      | XOM: god gift: book of Beasts
  1262 | D:2      | Noticed Sigmund
  1562 | D:2      | Reached skill level 1 in Spellcasting
  1600 | D:2      | XOM: divination: magic mapping
  1627 | D:3      | Reached skill level 1 in Poison Magic
  1638 | D:3      | XOM: 7-stop teleportation journey
  1732 | D:3      | Identified the +5 scale mail of Parsimonious Salvation {rF+
                  | Dex+2}
  2245 | D:4      | Found a one-way gate to the infinite horrors of the Abyss.
  2290 | D:4      | Noticed a kobold brigand
  2350 | D:4      | Reached skill level 2 in Spellcasting
  2369 | D:4      | Reached XP level 5. HP: 28/31 MP: 9/11
  2438 | D:4      | XOM: noise
  2452 | D:4      | Reached skill level 3 in Spellcasting
  2564 | D:4      | Reached skill level 4 in Spellcasting
  2564 | D:4      | Reached skill level 1 in Air Magic
  2609 | D:4      | Found a shimmering blue altar of Sif Muna.
  2610 | D:4      | Found a shimmering altar of Xom.
  2625 | D:4      | Found a glowing golden altar of the Shining One.
  2631 | D:4      | Noticed Menkaure
  2670 | D:4      | Reached XP level 6. HP: 36/36 MP: 14/14
  2817 | D:4      | XOM: divination: detect items
  2834 | D:4      | Found a large runed translucent door.
  2834 | D:4      | Found a large runed translucent door.
  2835 | D:4      | Found a corrupted altar of Lugonu.
  2839 | D:4      | XOM: silly message
  3013 | D:5      | Entered Level 5 of the Dungeon
  3074 | D:5      | XOM: divination: detect creatures
  3101 | D:5      | Learned a level 3 spell: Mephitic Cloud
  3134 | D:5      | Found a staircase to the Ecumenical Temple.
  3200 | D:5      | XOM: divination: detect creatures
  3222 | Temple   | Entered the Ecumenical Temple
  3420 | D:5      | Found an ornate altar of the Wu Jian Council.
  3422 | D:5      | Noticed a sky beast
  3438 | D:5      | XOM: smoke on damage
  3441 | D:5      | Killed a sky beast
  3448 | D:5      | Found a transporter.
  3576 | D:5      | Found a transporter.
  3635 | D:5      | XOM: divination: detect creatures
  3648 | D:5      | Reached skill level 1 in Conjurations
  3648 | D:5      | Reached XP level 7. HP: 38/40 MP: 15/15
  3734 | D:5      | XOM: smoke on damage
  4077 | D:6      | XOM: smoke on damage
  4297 | D:6      | XOM: cast spell 'Alistair's Intoxication'
  4303 | D:6      | Reached skill level 5 in Short Blades
  4447 | D:6      | Found a stormy altar of Qazlal.
  4489 | D:6      | Reached skill level 5 in Stealth
  4489 | D:6      | Reached XP level 8. HP: 38/45 MP: 11/16
  4674 | D:6      | XOM: god gift: 16 gold pieces
  4951 | D:6      | XOM: silly message
  5048 | D:6      | XOM: draining
  5777 | D:7      | XOM: divination: detect items
  5871 | D:7      | Reached skill level 5 in Dodging
  5933 | D:7      | XOM: 4-stop teleportation journey
  5951 | D:7      | Found Bemaimp's Assorted Antiques.
  5956 | D:7      | Bought a runed robe for 99 gold pieces
  5956 | D:7      | Bought a square fluorescent amulet for 135 gold pieces
  6047 | D:7      | Reached skill level 5 in Spellcasting
  6098 | D:7      | XOM: potion effect (magic)
  6110 | D:7      | XOM: confuse monster(s)
  6122 | D:7      | Reached skill level 6 in Spellcasting
  6228 | D:7      | Reached skill level 7 in Spellcasting
  6247 | D:7      | Learned a level 4 spell: Summon Ice Beast
  6380 | D:7      | XOM: smoke on damage
  6389 | D:7      | Reached skill level 1 in Summonings
  6389 | D:7      | Reached skill level 1 in Ice Magic
  6470 | D:7      | XOM: potion effect (might)
  6480 | D:7      | Reached XP level 9. HP: 49/49 MP: 21/21
  6629 | D:7      | XOM: enchant monster (bad)
  6630 | D:7      | XOM: noise
  6632 | D:7      | XOM: smoke on damage
  6638 | D:7      | XOM: noise
  6678 | D:7      | XOM: polymorph steam dragon -> acid dragon
  7044 | D:7      | XOM: smoke on damage
  7127 | D:8      | XOM: stat loss: -1 Str (8/9)
  7154 | D:8      | XOM: repel stairs
  7227 | D:7      | XOM: blink monster(s)
  7278 | D:8      | XOM: blink monster(s)
  7284 | D:7      | XOM: silly message
  7286 | D:7      | XOM: smoke on damage
  7344 | D:7      | Reached skill level 5 in Summonings
  7384 | D:8      | XOM: potion effect (magic)
  7514 | D:8      | Reached skill level 8 in Spellcasting
  7615 | D:7      | XOM: silly message
  7826 | D:8      | XOM: 2-stop teleportation journey
  7934 | D:8      | XOM: cloud trail
  7949 | D:8      | Found a staircase to the Lair.
  8026 | D:8      | Reached XP level 10. HP: 31/54 MP: 20/24
  8102 | D:8      | Reached skill level 9 in Spellcasting
  8109 | D:8      | XOM: cast spell 'Cause Fear'
  8234 | D:8      | Slain by a wight

Illustrated notes

Levels and vault maps discovered:
D:1:      lightli_arrival_chessboard, layout_rooms,
          shapermc_ecumenical_altar_totnotflames, serial_bayou,
          serial_bayou_pond_c, serial_bayou_pond_e, serial_bayou_shore_b,
          serial_bayou_pond_d
D:2:      layout_basic, minivault_5, uniq_natasha, uniq_sigmund
D:3:      layout_loops_ring, fedhas_altar_1
D:4:      due_chaos_kobolds, layout_cave_pools,
          chequers_temple_overflow_statue_of_worship, dk_vineyard_3,
          lexackson_kobold_supper, uniq_menkaure
D:5:      gammafunk_steamed_eel, layout_loops_ring,
          mainiacjoe_overflow_chevrons, minmay_temple_entry_drinking_statues,
          minmay_ogre_servants
D:6:      layout_layer_cave, mainiacjoe_overflow_24_doors, serial_glass,
          glass_columns_c, glass_columns_c, minmay_tree_intersection
D:7:      layout_loops_cross, serial_shops, shop, grunt_decor_mini_mirrors,
          serial_bayou_pond_b, kennysheep_cross_room
D:8:      layout_rooms, minmay_lair_entry_grove, nicolae_figureground_pulse
Temple:   eino_temple_water

Skill      XL: |  1  2  3  4  5  6  7  8  9 10 |
---------------+-------------------------------+-----
Stealth        | 2 3 4 5 6 |  6.4
Spellcasting   | 2 4 7 8 9 |  9.2
Poison Magic   | 1 3 |  3.2
Air Magic      | 1 3 |  3.8
Conjurations   | 1 |  1.9
Short Blades   | 5 |  5.5
Dodging        | 6 |  6.0
Summonings     | 1 7 |  7.8
Ice Magic      | 1 4 |  4.0
Fighting       | |  2.4
Armour         | |  0.7

Action                   |  1- 3 |  4- 6 |  7- 9 | 10-12 || total
-------------------------+-------+-------+-------+-------++-------
Melee: Short sword       |   101 |   189 |   452 |    51 ||   793
       Punch             |     3 |     3 |     7 |       ||    13
 Cast: Poisonous Vapours |       |       |    94 |     2 ||    96
       Mephitic Cloud    |       |       |     2 |       ||     2
       Summon Ice Beast  |       |       |     8 |     4 ||    12
Evoke: Piece from Xom's  |       |    11 |    14 |       ||    25
  Use: Scroll            |       |     7 |    14 |       ||    21
       Potion            |       |       |     4 |     1 ||     5
 Stab: Sleeping          |     6 |     9 |     3 |       ||    18
       Paralysed         |       |       |     4 |       ||     4
       Confused          |       |       |     2 |       ||     2
       Petrified         |       |       |     2 |       ||     2
       Distracted        |       |       |     1 |       ||     1
Armor: Leather armour    |    25 |    54 |    74 |       ||   153
       Robe              |       |       |    55 |     7 ||    62
Dodge: Dodged            |    47 |    85 |   274 |    24 ||   430

Table legend: (Time is in decaauts)
 A = Elapsed time spent in this place.
 B = Non-inter-level travel time spent in this place.
 C = Inter-level travel time spent in this place.
 D = Time resting spent in this place.
 E = Time spent auto-exploring this place.
 F = Levels seen in this place.
 G = Mean time per level.
                   A        B        C        D        E       F      G
               +--------+--------+--------+--------+--------+-----+--------+
         Total |   8071 |   7627 |    444 |    674 |   4976 |   9 |  896.8 |
       Dungeon |   7877 |   7444 |    433 |    674 |   4810 |   8 |  984.6 |
        Temple |    193 |    182 |     11 |      0 |    166 |   1 |  193.0 |
               +--------+--------+--------+--------+--------+-----+--------+

Top non-repeatable levels by time:
     D:7: 1804 daAuts
     D:6: 1601 daAuts
     D:5: 844 daAuts
     D:2: 817 daAuts
     D:3: 759 daAuts
     D:4: 753 daAuts
     D:8: 651 daAuts
     D:1: 646 daAuts
  Temple: 193 daAuts
